 Seeded DCSS version 0.28.0-43-g3370ac3207 (webtiles) character file.

Game seed: 4592842077123783044 (custom seed)

590 dualclasshuman the Magician (level 7, -2/45 HPs)
             Began as a Djinni Fire Elementalist on Mar 18, 2022.
             Was an Initiate of Makhleb.
             Slain by an orc
             ... wielding a +0 mace
              (5 damage)
             ... on level 5 of the Dungeon on Mar 21, 2022.
             The game lasted 00:12:43 (5237 turns).

dualclasshuman the Magician (DjFE)                  Turns: 5237, Time: 00:12:43

Health: -2/45      AC:  3    Str:  7    XL:     7   Next: 66%
Gold:   1459       EV: 12    Int: 18    God:    Makhleb [......] SH:  0 Dex: 14

rFire   + + .      SeeInvis .   m - +10 mace of Magnificence {flame, Fragile +Blink Stlth+}
rCold   x . .      Faith    .   (no shield)
rNeg    . . .      Spirit   .   a - +0 robe
rPois   ∞          Reflect  .   (no helmet)
rElec   .          Harm     .   k - +0 cloak
rCorr   .          Rampage  .   (no gloves)
Will    .....                   (boots unavailable)
Stlth   +++.......              (no amulet)
HPRegen 0.15/turn               (no ring)
MPRegen 0.00/turn               (no ring)

@: flying
A: sickness immunity, fire resistance 2, cold vulnerability 1, float, innate
caster, HP casting, extra vitality 1
a: Renounce Religion, Evoke Blink


You were on level 5 of the Dungeon.
You worshipped Makhleb.
Makhleb was noncommittal.
You visited 1 branch of the dungeon, and saw 6 of its levels.

You collected 1459 gold pieces.

Inventory:

Hand Weapons
 m - the +10 mace of Magnificence (weapon) {flame, Fragile +Blink Stlth+}
   (You found it on level 2 of the Dungeon)

   It burns those it strikes, dealing additional fire damage.
   +Blink:    It lets you blink.
   Fragile:   It will be destroyed if unequipped.
   Stlth:     It makes you more stealthy.
Missiles
 e - 6 curare-tipped darts
 f - 6 poisoned darts
Armour
 a - a +0 robe (worn)
 k - a +0 cloak (worn)
Magical Staves
 c - a staff of death
Jewellery
 o - a ring of protection from cold
 p - an amulet of the acrobat
Wands
 g - a wand of acid (8)
 s - a wand of paralysis (4)
Scrolls
 b - 5 scrolls of identify {unknown}
 d - a scroll of enchant armour {unknown}
 i - 2 scrolls of magic mapping {unknown}
 r - a scroll of vulnerability {unknown}
 t - a scroll of teleportation {unknown}
Potions
 h - 2 potions of mutation {unknown}
 j - a potion of attraction {unknown}
 l - a potion of invisibility {unknown}
 n - a potion of lignification {unknown}
 q - a potion of brilliance {unknown}
 u - a potion of might {unknown}


   Skills:
 + Level 0.1 Fighting
 + Level 0.1 Maces & Flails
 + Level 2.5 Dodging
 + Level 3.0 Stealth
 + Level 5.8 Spellcasting


You couldn't memorise any spells.
You knew the following spells:

 Your Spells              Type           Power      Damage    Failure   Level
a - Foxfire               Conj/Fire      100%       2x1d9     1%          1
b - Scorch                Fire           52%        2d7       1%          2
c - Conjure Flame         Conj/Fire      26%        6-21      3%          3
d - Inner Flame           Hex/Fire       26%        N/A       3%          3
e - Flame Wave            Conj/Fire      26%        2d7       11%         4
f - Freeze                Ice            100%       1d11      1%          1
g - Poisonous Vapours     Pois/Air       52%        N/A       1%          2
h - Portal Projectile     Hex/Tloc       52%        N/A       3%          3
Your spell library was empty.

Dungeon Overview and Level Annotations

Branches:
Dungeon (6/15)
 Temple: D:4-7

Altars:
Makhleb

Shops:
D:1 =****   D:4 [


Innate Abilities, Weirdness & Mutations

You are immune to sickness and miasma.
You are immune to poison.
Your flesh is very heat resistant. (rF++)
You are vulnerable to cold. (rC-)
You float through the air rather than walking.
You learn spells naturally, not from books.
Your magical power is your life essence.
You have superior vitality. (+4 MHP)


Message History

You see here 26 sling bullets.
b - 5 scrolls labelled HURASE QAUXTO (gained 1)
You now have 1459 gold pieces (gained 9).
o - a ring of protection from cold
Found a stone staircase leading up.
A killer bee, a howler monkey skeleton and a hound come into view.
There is a stone staircase leading up here.
You fly upwards.
There is a stone staircase leading down here.
Found a runed short sword.
An ufetubus comes into view.
Found a book of Minor Magic.
Found a stone staircase leading up.
The ufetubus shouts!
An orc comes into view. It is wielding a +0 club.
An orc comes into view. It is wielding a +0 club.
An orc comes into view. It is wielding a +0 mace.
The orc moves out of view.
Casting: Scorch (safe; 1% risk of failure)
Confirm with . or Enter, or press ? or * to list all spells.
Aiming: Inner Flame (dangerous; 3% risk of failure)
Press: ? - help, Dir - move target, f - ufetubus
Aim: an ufetubus (chance to affect: 86%)
The ufetubus is filled with an inner flame.
The orc shouts!
You hear a shout!
The ufetubus misses you. The ufetubus hits you.
Casting: Inner Flame (dangerous; 3% risk of failure)
Confirm with . or Enter, or press ? or * to list all spells.
Flames lash the ufetubus.
The ufetubus is burned terribly!
Makhleb accepts your kill.
The ufetubus explodes!
The fiery explosion engulfs you! You resist.
You are engulfed in blazing flames.
You resist.
You hear an angry hiss.
You hear a shout! x5
You are engulfed in blazing flames.
You resist.
An iguana comes into view.
The iguana bites you!
* * * LOW HITPOINT WARNING * * *
There is a stone staircase leading up here.
The orc hits you with a +0 mace.
You die...

.. ... ....
##.##...### ....
+...#.###.. .....
#...#.#... .....
.......# .. ......
...#..#...
......#+#....##...
.......l..........
.......@..........
.......o......:...
........○§§....#+#
######..☼.§....#
#..§§.....#
#.....#+###
##+##.....+
o.........#
o.........#+###


You could see an iguana and an orc.

Vanquished Creatures
  A water moccasin (D:6)
  A sky beast (D:3)
  5 killer bees (D:4)
  A hound (D:4)
  6 adders
  A white imp (D:6)
  An ufetubus (D:5)
  A worm (D:2)
  A dart slug (D:2)
  An orc (D:3)
  8 ball pythons
  6 endoplasms
  3 giant cockroaches
  6 goblins
  8 hobgoblins
  8 jackals
  3 kobolds
  3 quokkas
  4 bats
  6 frilled lizards
  8 rats
82 creatures vanquished.

Vanquished Creatures (collateral kills)
  2 foxfires (D:1)
2 creatures vanquished.

Vanquished Creatures (others)
  166 foxfires
  2 plants (D:1)
168 creatures vanquished.

Grand Total: 252 creatures vanquished

Notes
Turn   | Place    | Note
-------+----------+-------------------------------------------
     0 | D:1      | dualclasshuman the Djinni Fire Elementalist began the quest
                  | for the Orb.
     0 | D:1      | Reached XP level 1. HP: 15/15 MP: 0/0
   325 | D:1      | Found Covamial's Jewellery Boutique.
   351 | D:1      | Reached XP level 2. HP: 18/21 MP: 0/0
   381 | D:1      | Found Vickarri's General Store.
   392 | D:1      | Found Hytrarch's General Store.
   428 | D:1      | Found Mumn's General Store.
   605 | D:1      | Found Nonosk's General Store.
   734 | D:1      | Reached skill level 3 in Spellcasting
   735 | D:1      | Reached XP level 3. HP: 21/25 MP: 0/0
   735 | D:1      | Learned a level 1 spell: Freeze
  1674 | D:2      | Reached XP level 4. HP: 26/31 MP: 0/0
  2098 | D:2      | Identified the +10 mace of Magnificence {flame, Fragile
                  | +Blink Stlth+}
  2683 | D:3      | Found a burning altar of Makhleb.
  2704 | D:3      | Became a worshipper of Makhleb the Destroyer
  2798 | D:3      | Noticed a sky beast
  2812 | D:3      | Killed a sky beast
  2813 | D:3      | Reached skill level 4 in Spellcasting
  2813 | D:3      | Reached XP level 5. HP: 24/35 MP: 0/0
  2813 | D:3      | Learned a level 2 spell: Poisonous Vapours
  3036 | D:3      | Reached XP level 6. HP: 6/40 MP: 0/0
  4332 | D:4      | Reached skill level 5 in Spellcasting
  4332 | D:4      | Reached XP level 7. HP: 24/45 MP: 0/0
  4332 | D:4      | Learned a level 3 spell: Portal Projectile
  4717 | D:4      | Found Nijais's Armour Shoppe.
  4775 | D:4      | You are sucked into a shaft and drop 2 floors!
  4780 | D:6      | Identified a scroll of acquirement
  4780 | D:6      | Acquired 1310 gold pieces
  4810 | D:6      | Noticed a water moccasin
  4819 | D:6      | Killed a water moccasin
  5218 | D:5      | Entered Level 5 of the Dungeon
  5237 | D:5      | Slain by an orc

Illustrated notes

Levels and vault maps discovered:
D:1:      tarquinn_simple_flora_water_e, layout_rooms, serial_shops, shop, shop,
          shop, shop, nicolae_shop_behind_doors, serial_bayou_pond_c,
          chequers_serial_rivers_micro_a, minmay_tall_x
D:2:      layout_loops_ring, minmay_tromino_v4_c
D:3:      layout_rooms, mainiacjoe_overflow_small_starburst,
          minmay_fractal_squares_gapless_5
D:4:      layout_cave_pools, nicolae_stop_n_shop_2, serial_bayou_pond_e,
          uniq_crazy_yiuf_cottage
D:5:      layout_gridville, minmay_temple_entry_slanted
D:6:      layout_loops_ring, minmay_shop_damaged

Skill      XL: |  1  2  3  4  5  6 |
---------------+-------------------+-----
Spellcasting   | 3 4 5 |  5.8
Stealth        | 2 3 |  3.0
Fighting       | |  0.1
Maces & Flails | |  0.1
Dodging        | |  2.5

Action                   |  1- 3 |  4- 6 |  7- 9 || total
-------------------------+-------+-------+-------++-------
Melee: Mace              |       |     2 |       ||     2
 Cast: Foxfire           |    61 |    47 |     3 ||   111
       Scorch            |     8 |    15 |     8 ||    31
       Inner Flame       |       |    19 |     5 ||    24
       Poisonous Vapours |       |    14 |     2 ||    16
       Conjure Flame     |       |     1 |     1 ||     2
       Freeze            |       |     1 |       ||     1
  Use: Scroll            |       |       |     2 ||     2
Armor: Robe              |       |     2 |       ||     2
Dodge: Dodged            |     3 |     5 |     2 ||    10
